Map: Hard Lead LE

Players

llllllllllll - Winner!

  • Race: Protoss Protoss
  • League: Master
  • Spawn Location: 11:00

llllllllllll

  • Race: Terran Terran
  • League: Grandmaster
  • Spawn Location: 5:00

VOD

Have the link to the VOD?

Description

Time

  • Played on: Oct. 4, 2023, 8:05 p.m.
  • Length: 8:13
Show
View Real Time Build Order
Export as new Build Order

llllllllllll Protoss - Winner!

Build Orders: 1 Gate Expand, Double Forge, Blink Stalkers 

Get SALT Encoding   

  12  0:00  Probe  
  13  0:12  Probe  
  14  0:17  Pylon  
  14  0:24  Probe (Chrono Boost)  
  15  0:36  Gateway  
  15  0:37  Probe (Chrono Boost)  
  15  0:42  Probe (Chrono Boost)  
  16  0:45  Assimilator  
  17  0:52  Probe  
  18  1:04  Probe  
  19  1:17  Probe  
  20  1:23  Cybernetics Core  
  20  1:33  Nexus  
  20  1:40  Pylon  
  20  1:41  Probe (Chrono Boost)  
  21  1:47  Assimilator  
  21  1:53  Probe (Chrono Boost)  
  22  1:59  Adept (Chrono Boost)  
  25  2:01  Warp Gate  
  25  2:02  Probe (Chrono Boost)  
  25  2:09  Probe  
  26  2:21  Probe, Stalker (Chrono Boost)  
  29  2:33  Probe (Chrono Boost)  
  29  2:35  Twilight Council  
  30  2:42  Gateway  
  30  2:45  Probe (Chrono Boost)  
  32  2:51  Probe (Chrono Boost)  
  32  2:54  Probe (Chrono Boost)  
  32  2:56  Stalker  
  36  2:58  Probe (Chrono Boost)  
  36  3:03  Probe  
  36  3:04  Blink (Chrono Boost)  
  37  3:10  Probe  
  38  3:15  Probe  
  38  3:19  Shield Battery  
  39  3:22  Probe  
  40  3:28  Probe  
  40  3:29  Robotics Facility  
  41  3:35  Probe  
  41  3:40  Probe  
  41  3:47  Probe  
  38  3:50  Stalker x2  
  38  3:52  Probe, Pylon  
  43  3:59  Probe  
  43  4:00  Shield Battery  
  44  4:05  Probe  
  44  4:07  Pylon  
  44  4:14  Stalker x2  
  46  4:20  Probe  
  46  4:22  Observer  
  46  4:23  Probe  
  49  4:31  Assimilator  
  49  4:34  Nexus  
  49  4:35  Pylon  
  49  4:36  Forge, Probe  
  50  4:42  Stalker  
  50  4:43  Probe  
  50  4:44  Observer  
  54  4:48  Probe  
  54  4:50  Forge  
  55  4:55  Probe  
  55  4:57  Pylon  
  56  5:00  Probe  
  56  5:01  Stalker  
  56  5:05  Protoss Ground Weapons Level 1 (Chrono Boost), Pylon  
  59  5:07  Probe  
  59  5:12  Probe  
  61  5:16  Shield Battery  
  61  5:19  Probe  
  62  5:24  Probe  
  63  5:29  Protoss Ground Armor Level 1 (Chrono Boost)  
  63  5:31  Probe  
  63  5:34  Gateway  
  63  5:35  Gateway  
  64  5:37  Probe (Chrono Boost)  
  64  5:38  Gateway, Charge (Chrono Boost)  
  65  5:44  Gateway  
  65  5:47  Probe (Chrono Boost)  
  65  5:48  Observer, Probe (Chrono Boost)  
  68  5:54  Probe (Chrono Boost)  
  68  5:56  Probe (Chrono Boost)  
  70  5:58  Probe (Chrono Boost)  
  70  6:01  Probe x2 (Chrono Boost)  
  72  6:04  Stalker x2  
  72  6:07  Probe  
  72  6:09  Pylon x2  
  77  6:12  Probe  
  77  6:15  Probe  
  77  6:18  Immortal (Chrono Boost)  
  82  6:21  Shield Battery  
  82  6:22  Shield Battery  
  82  6:35  Stalker x4  
  82  6:36  Stalker  
  90  6:42  Gateway  
  90  6:43  Gateway  
  90  6:47  Stalker  
  90  6:54  Immortal (Chrono Boost)  
  88  7:07  Stalker  
  88  7:08  Stalker x3  
  88  7:14  Zealot  
  88  7:15  Zealot  
  92  7:20  Probe  
  93  7:23  Gateway  
  93  7:24  Pylon  
  93  7:25  Nexus  
  93  7:29  Gateway  
  93  7:32  Zealot x4  
  101  7:40  Zealot x3  
  106  7:47  Zealot  
  108  7:54  Zealot x4  
  112  8:10  Stalker x2  
  112  8:11  Pylon, Stalker x2  
Show
View Real Time Build Order
Export as new Build Order

llllllllllll Terran 

Build Orders: 2 Factory, Cyclone Opening, Mech 

Get SALT Encoding   

  12  0:00  SCV  
  13  0:12  SCV  
  14  0:17  Supply Depot  
  14  0:25  SCV  
  15  0:38  SCV  
  15  0:40  Barracks  
  16  0:44  Refinery  
  16  0:51  SCV  
  16  0:54  Refinery  
  17  1:03  SCV  
  18  1:15  SCV  
  19  1:27  Marine  
  19  1:28  Orbital Command  
  20  1:34  Factory  
  20  1:43  Supply Depot  
  20  1:46  Barracks Reactor  
  20  1:53  SCV  
  21  2:05  SCV  
  22  2:18  Command Center  
  22  2:20  SCV  
  23  2:31  Cyclone  
  23  2:34  Cyclone  
  23  2:36  SCV  
  28  2:42  Supply Depot  
  28  2:48  SCV  
  29  2:56  Factory  
  28  3:00  SCV  
  28  3:07  Hellion  
  28  3:10  Hellion  
  32  3:14  SCV  
  32  3:17  Barracks Tech Lab  
  33  3:26  SCV  
  33  3:35  Cyclone  
  34  3:43  Cyclone  
  36  3:50  SCV  
  37  4:01  Hurricane Engines  
  37  4:02  SCV  
  38  4:05  Siege Tank  
  38  4:06  Orbital Command  
  39  4:16  SCV  
  40  4:18  Cyclone  
  40  4:20  Cyclone  
  42  4:28  SCV  
  41  4:32  SCV  
  41  4:36  Refinery  
  42  4:39  Siege Tank  
  42  4:40  SCV  
  42  4:43  Supply Depot  
  42  4:44  SCV  
  47  4:51  Cyclone  
  49  4:53  SCV  
  49  4:54  Cyclone  
  49  4:56  SCV  
  53  5:05  SCV  
  53  5:07  Supply Depot  
  54  5:08  SCV  
  54  5:11  Factory  
  55  5:15  Supply Depot  
  55  5:17  Barracks Reactor, SCV  
  55  5:20  SCV  
  57  5:23  Refinery  
  57  5:29  Siege Tank, SCV  
  57  5:30  Supply Depot  
  57  5:32  SCV  
  62  5:36  Cyclone  
  62  5:41  Cyclone, SCV  
  67  5:45  Supply Depot  
  67  5:48  SCV  
  68  5:53  SCV  
  69  6:00  SCV  
  69  6:02  Cyclone  
  71  6:04  Cyclone  
  71  6:05  Cyclone  
  74  6:13  Cyclone  
  76  6:19  Cyclone  
  76  6:21  SCV x2  
  76  6:24  Supply Depot  
  76  6:33  SCV x2  
  76  6:37  Cyclone  
  76  6:38  Cyclone x2  
  82  6:45  Cyclone, SCV  
  85  6:51  Cyclone  
  83  7:01  SCV  
  71  7:09  Cyclone, SCV  
  71  7:10  Cyclone x2  
  71  7:13  SCV  
  79  7:18  Cyclone  
  81  7:23  Cyclone  
  83  7:30  Supply Depot  
  83  7:41  Cyclone  
Tags
 
Add a new tag
Caveats
  • Supply blocks, unpowered buildings, or Contaminate may cause inaccurate times.
  • Supply counts are checked every 10 seconds.